 Dungeon Crawl Stone Soup version 0.31-a0-152-g6aa68a64a1 (webtiles) character file.

Game seed: 13895159096588415437

399 qw the Shooter (level 6, -1/39 HPs)
             Began as a Gargoyle Hunter on June 11, 2023.
             Slain by a wight
             ... wielding a +0 flail
              (12 damage)
             ... on level 4 of the Dungeon.
             The game lasted 00:01:02 (2661 turns).

qw the Shooter (Gargoyle Hunter)                    Turns: 2661, Time: 00:01:02

Health: -1/39      AC:  9    Str: 14    XL:     6   Next: 84%
Magic:  6/6        EV: 11    Int: 10    God:
Gold:   121        SH:  0    Dex: 15    Spells: 5/5 levels left

rFire   . . .        Y - +0 shortbow (drain)
rCold   . . .        (shield currently unavailable)
rNeg    + . .        c - +0 leather armour
rPois   inf          i - +0 helmet
rElec   +            d - +0 cloak
rCorr   .            (no gloves)
SInv    .            (no boots)
Will    .....        (no amulet)
Stlth   ++           (no ring)
HPRegen 0.26/turn    (no ring)
MPRegen 0.10/turn

%: no passive effects
@: no status effects
A: sickness immunity, AC +4, negative energy resistance 1, electricity
resistance, torment resistance 1, petrification resistance
a: no special abilities


You were on level 4 of the Dungeon.
You visited 1 branch of the dungeon, and saw 4 of its levels.

You collected 121 gold pieces.


Innate Abilities, Weirdness & Mutations

You are immune to sickness and miasma.
Your stone body is resilient. (AC +4)
You are immune to poison.
You resist negative energy. (rN+)
You are resistant to electric shocks. (rElec)
You are resistant to unholy torment.
You are immune to petrification.


   Skills:
 - Level 4.7 Fighting
 + Level 6.6 Ranged Weapons
 - Level 1.7 Armour
 - Level 1.5 Dodging
 - Level 1.1 Stealth


You had 5 spell levels left.
You didn't know any spells.
Your spell library was empty.

Inventory:

Hand Weapons
 h - a +0 sling
 Y - a +0 shortbow of draining (weapon)
Armour
 c - a +0 leather armour (worn)
 d - a +0 cloak (worn)
 i - a +0 helmet (worn)
Scrolls
 a - a scroll of identify
 f - a scroll of teleportation
 m - a scroll of enchant armour {unknown}
Potions
 b - a potion of lignification
 e - a potion of haste
 g - a potion of enlightenment {unknown}
 j - 2 potions of heal wounds {unknown}
 k - a potion of invisibility {unknown}
 l - a potion of mutation {unknown}

Dungeon Overview and Level Annotations

Branches:
Dungeon (4/15)
 Temple: D:4-7

Altars:


Message History

Enter note:
Enter note: You shoot an arrow.
The arrow barely misses the wight.
The wight barely misses you.
You shoot an arrow. The arrow hits the wight.
The wight is lightly damaged.
The wight closely misses you.
You shoot an arrow.
The arrow hits the wight but does no damage.
The wight is lightly damaged.
The wight hits you but does no damage. The wight barely misses you.
You shoot an arrow. The arrow closely misses the wight.
The wight closely misses you.
You shoot an arrow. The arrow barely misses the wight.
The wight hits you with a +0 flail.
You shoot an arrow. The arrow hits the wight.
The wight is moderately damaged.
The wight hits you with a +0 flail.
You shoot an arrow. The arrow barely misses the wight.
The wight barely misses you.
You shoot an arrow.
The arrow hits the wight but does no damage.
The wight is moderately damaged.
The wight misses you.
You shoot an arrow. The arrow hits the wight.
The wight is heavily damaged.
The wight barely misses you.
You shoot an arrow.
The arrow hits the wight but does no damage.
The wight is heavily damaged.
The wight hits you with a +0 flail!
You shoot an arrow. The arrow closely misses the wight.
The wight hits you with a +0 flail!
You shoot an arrow.
The arrow hits the wight but does no damage.
The wight is heavily damaged.
The wight hits you but does no damage. The wight hits you with a +0 flail.
You shoot an arrow. The arrow closely misses the wight.
The wight hits you with a +0 flail!
You die...

## ####### ####8#
#.#.#.#
#...###+#+#+#'#'#'#
#....'.)....@.)...#
##...###+#+#z#'#'#'#
##....8# #.#.#.#.#
##..#.### #########
#...#.# ###########
#.#.#.# #.........#
##..?#.# #.........#
#..###.. #.........#
..## #.. #.........#


You could see a wight.

Vanquished Creatures
  A water moccasin (D:4)
  A scorpion zombie (D:4)
  2 iguanas (D:4)
  2 orc wizards (D:3)
  A hound zombie (D:4)
  3 mummies (D:4)
  2 adders
  3 gnolls (D:3)
  An ufetubus (D:4)
  An adder zombie (D:4)
  5 orcs (D:3)
  8 endoplasms
  4 giant cockroaches
  4 goblins
  6 hobgoblins
  4 kobolds
  4 quokkas
  6 ball pythons
  2 bats (D:1)
  4 frilled lizards
  3 rats (D:2)
67 creatures vanquished.

Notes
Turn   | Place    | Note
-------+----------+-------------------------------------------
     0 | D:1      | qw the Gargoyle Hunter began the quest for the Orb.
     0 | D:1      | Reached XP level 1. HP: 12/12 MP: 1/1
     0 | D:1      | 0 ||| qw: Version: 0.2-a-29-gdad1ea2
     0 | D:1      | 0 ||| qw: Game counter: 4068
     0 | D:1      | 0 ||| qw: Always use a shield: true
     0 | D:1      | 0 ||| qw: God list: Okawaru
     0 | D:1      | 0 ||| qw: Allow faded altars: false
     0 | D:1      | 0 ||| qw: Do Orc after D:15 true
     0 | D:1      | 0 ||| qw: Do second Lair branch before Depths: true
     0 | D:1      | 0 ||| qw: Lair rune preference: random
     0 | D:1      | 0 ||| qw: Plans: Normal, Zot:1-4, Slime:5, God:TSO, Crypt,
                  | Tomb, Abyss, Pan, Hells, Win
     0 | D:1      | 0 ||| PLANNING D:1-11
   136 | D:1      | Reached XP level 2. HP: 17/17 MP: 2/2
   340 | D:1      | Found a faded altar of an unknown god.
   736 | D:1      | 736 ||| UPGRADING to +0 helmet.
   741 | D:1      | 741 ||| READING 3 scrolls labelled JIGHUNYXYA.
   742 | D:1      | 742 ||| READING scroll labelled VUBOUH EDDOS.
   746 | D:1      | 746 ||| READING 2 scrolls of identify.
   746 | D:1      | 746 ||| IDENTIFYING green potion
   747 | D:1      | 747 ||| DROPPING scroll of butterflies.
   754 | D:2      | Reached XP level 3. HP: 21/21 MP: 3/3
   846 | D:2      | Reached skill level 5 in Ranged Weapons
  1174 | D:2      | Reached skill level 3 in Fighting
  1414 | D:2      | 1414 ||| UPGRADING to +0 cloak.
  1419 | D:2      | 1419 ||| READING scroll labelled FILICSULEPS.
  1464 | D:2      | 1464 ||| READING scroll labelled TEHOYPREESA.
  1465 | D:2      | 1465 ||| READING scroll labelled ARUTZI XASKIC.
  1466 | D:2      | 1466 ||| READING scroll labelled IROXIWELAT.
  1467 | D:2      | 1467 ||| READING scroll labelled USSONKUJEG.
  1468 | D:2      | 1468 ||| READING scroll labelled VOYNAB MALL.
  1469 | D:2      | 1469 ||| READING 2 scrolls of identify.
  1469 | D:2      | 1469 ||| IDENTIFYING fuming purple potion
  1529 | D:3      | Reached skill level 1 in Armour
  1529 | D:3      | Reached XP level 4. HP: 28/28 MP: 4/4
  1547 | D:3      | 1547 ||| Stepping ~*~*~tactically~*~*~ (outnumbered).
  1785 | D:3      | Reached XP level 5. HP: 32/32 MP: 5/5
  1995 | D:3      | Identified the +10 mace "Transmigrator" {freeze, rCorr
                  | Dex+5}
  2101 | D:3      | 2101 ||| READING 2 scrolls of identify.
  2101 | D:3      | 2101 ||| IDENTIFYING white potion
  2102 | D:3      | 2102 ||| DROPPING potion of berserk rage.
  2116 | D:4      | Reached skill level 6 in Ranged Weapons
  2191 | D:4      | Noticed a water moccasin
  2204 | D:4      | Killed a water moccasin
  2205 | D:4      | Reached XP level 6. HP: 31/39 MP: 6/6
  2661 | D:4      | Slain by a wight

Levels and vault maps discovered:
D:1:      dpeg_arrival_three_bigger_balls, layout_loops_ring,
          hellmonk_ecumenical_altar_lost_god, minmay_misc_feat_encased
D:2:      layout_basic, hex_tiny
D:3:      layout_loops_cross
D:4:      layout_rooms, lemuel_mausoleum_altar_kikubaaqudgha,
          minmay_temple_entry_proselytizer, minmay_tree_intersection,
          eino_curves_02, minivault_23

Skill      XL: |  1  2  3  4  5 |
---------------+----------------+-----
Ranged Weapons | 5 6 |  6.6
Fighting       | 3 4 |  4.7
Armour         | 1 |  1.7
Dodging        | |  1.5
Stealth        | |  1.1

Action                     |  1- 3 |  4- 6 || total
---------------------------+-------+-------++-------
   Fire: Shortbow          |   122 |   136 ||   258
    Use: Scroll            |    10 |     1 ||    11
 Armour: Leather armour    |    30 |    31 ||    61
  Dodge: Dodged            |    32 |    68 ||   100

Table legend:
 A = Non-vault XP
 B = Vault XP
 C = Vault XP percentage of total XP
 D = Non-vault monster count
 E = Vault monster count
 F = Vault count percentage of total count
                 A         B        C        D         E       F
            +---------+---------+-------+---------+---------+-------
      Total |     456 |     114 |  20.0 |      61 |       6 |   9.0
            +---------+---------+-------+---------+---------+-------
        D:1 |      33 |       0 |   0.0 |      20 |       0 |   0.0
        D:2 |      37 |       0 |   0.0 |      16 |       0 |   0.0
        D:3 |     140 |       0 |   0.0 |      13 |       0 |   0.0
        D:4 |     246 |     114 |  31.7 |      12 |       6 |  33.3
            +---------+---------+-------+---------+---------+-------
